 Dungeon Crawl Stone Soup version 0.29-a0-870-g2c972031a6 (webtiles) character file.

Game seed: 15226614722071872998

24 nxtlvl the Cutter (level 2, -2/18 HPs)
             Began as a Deep Elf Monk on July 17, 2022.
             Slain by Jessica
             ... wielding a +0 club
              (3 damage)
             ... on level 2 of the Dungeon.
             The game lasted 00:02:26 (329 turns).

nxtlvl the Cutter (Deep Elf Monk)                    Turns: 329, Time: 00:02:27

Health: -2/18      AC:  2    Str:  8    XL:     2   Next: 79%
Magic:  13/13      EV: 13    Int: 14    God:
Gold:   40         SH:  0    Dex: 17    Spells: 1/1 levels left

rFire   . . .      SeeInvis .   a - +0 short sword
rCold   + + .      Faith    .   (no shield)
rNeg    . . .      Spirit   .   d - +0 robe {rC+}
rPois   .          Reflect  .   (no helmet)
rElec   .          Harm     .   (no cloak)
rCorr   .          Rampage  .   (no gloves)
Will    .....                   (no boots)
Stlth   ++........              (no amulet)
HPRegen 0.06/turn               h - ring of magical power
MPRegen 0.13/turn               i - ring of protection from cold

@: slowed, very slow
A: no striking features
a: no special abilities


You were on level 2 of the Dungeon.
You visited 1 branch of the dungeon, and saw 2 of its levels.

You collected 40 gold pieces.

Inventory:

Hand Weapons
 a - a +0 short sword (weapon)
 b - a +0 sling
Armour
 d - a +0 robe of cold resistance (worn)
Jewellery
 h - a ring of magical power (left hand)
 i - a ring of protection from cold (right hand)
Scrolls
 g - a scroll of fear {unknown}
 j - 2 scrolls of identify {unknown}
 k - a scroll of fog {unknown}
Potions
 e - a potion of heal wounds {unknown}
 f - a potion of degeneration {unknown}
 l - a potion of curing {unknown}
 m - a potion of flight {unknown}


   Skills:
 - Level 2.4 Fighting
 * Level 4.1 Short Blades
 - Level 3.6 Dodging
 - Level 2.4 Stealth


You had one spell level left.
You didn't know any spells.
Your spell library was empty.

Dungeon Overview and Level Annotations

Branches:
Dungeon (2/15)

Altars:

Annotations:
D:2 Jessica


Message History

You shoot a sling bullet. The sling bullet barely misses Jessica.
You shoot a sling bullet. The sling bullet barely misses Jessica.
You shoot a sling bullet.
The sling bullet hits Jessica but does no damage.
Jessica is moderately wounded.
Jessica gestures at you while chanting. Pain shoots through your body!
Ouch! That really hurt!
* * * LOW HITPOINT WARNING * * *
Jessica gestures at you while chanting. Pain shoots through your body!
* * * LOW HITPOINT WARNING * * *
You are confused.
You feel invigorated.
Jessica gestures wildly while chanting.
Jessica blinks!
You are too injured to fight recklessly!
a - a +0 short sword (weapon)
You bump into the rock wall.
Jessica points at you and mumbles some strange words.
You feel yourself slow down. Jessica attacks as you move away!
Jessica hits you with a +0 club.
You feel less invigorated.
You feel less confused.
Jessica grins evilly.
Jessica points at you and mumbles some strange words.
Pain shoots through your body!
You hit Jessica.
Jessica is heavily wounded.
Jessica barely misses you.
You closely miss Jessica.
Jessica is heavily wounded.
Jessica points at you and mumbles some strange words.
Pain shoots through your body!
Ouch! That really hurt!
* * * LOW HITPOINT WARNING * * *
You closely miss Jessica.
Jessica is heavily wounded.
Jessica hits you with a +0 club.
You die...

#
#.#######
#.#......
........#
#@# #@#
#.# #.#
#.# #.#
#.# ...
###


You could see Jessica.

Vanquished Creatures
  A dart slug (D:1)
  A ball python (D:1)
  2 endoplasms (D:1)
  A giant cockroach (D:1)
  5 goblins (D:1)
  2 hobgoblins (D:1)
  2 kobolds (D:1)
  3 bats (D:1)
  A rat (D:1)
18 creatures vanquished.

Notes
Turn   | Place    | Note
-------+----------+-------------------------------------------
     0 | D:1      | nxtlvl the Deep Elf Monk began the quest for the Orb.
     0 | D:1      | Reached XP level 1. HP: 13/13 MP: 3/3
   106 | D:1      | Reached XP level 2. HP: 17/18 MP: 4/4
   145 | D:1      | Found a faded altar of an unknown god.
   233 | D:1      | Reached skill level 4 in Short Blades
   316 | D:2      | Noticed Jessica
   329 | D:2      | Slain by Jessica

Illustrated notes

Levels and vault maps discovered:
D:1:      reono_arrival_forest_river, layout_basic,
          ebering_ecumenical_altar_hall, amcnicky_mini_rare_corridor_liquid
D:2:      layout_loops_ring, basic_altar, uniq_jessica, uniq_natasha

Skill      XL: |  1  2 |
---------------+-------+-----
Short Blades   | 4 |  4.1
Fighting       | |  2.4
Dodging        | |  3.6
Stealth        | |  2.4

Action                   || total
-------------------------++-------
Melee: Short sword       ||    44
       Punch             ||     1
 Fire: Sling             ||    17
  Use: Potion            ||     1
 Stab: Sleeping          ||     1
Armor: Robe              ||     7
Dodge: Dodged            ||    33

Table legend: (Time is in decaauts)
 A = Elapsed time spent in this place.
 B = Non-inter-level travel time spent in this place.
 C = Inter-level travel time spent in this place.
 D = Time resting spent in this place.
 E = Time spent auto-exploring this place.
 F = Levels seen in this place.
 G = Mean time per level.
                   A        B        C        D        E       F      G
               +--------+--------+--------+--------+--------+-----+--------+
         Total |    338 |    329 |      9 |      0 |      0 |   2 |  169.0 |
       Dungeon |    338 |    329 |      9 |      0 |      0 |   2 |  169.0 |
               +--------+--------+--------+--------+--------+-----+--------+

Top non-repeatable levels by time:
     D:1: 323 daAuts
     D:2: 15 daAuts
